 Dungeon Crawl Stone Soup version 0.21.1-1-g345015f (webtiles) character file.

79 Supreme the Magician (level 4, -6/24 HPs)
             Began as a Deep Elf Wizard on Apr 24, 2018.
             Killed from afar by Sigmund (12 damage)
             ... with a puff of flame
             ... on level 2 of the Dungeon.
             The game lasted 00:14:10 (1791 turns).

Supreme the Magician (Deep Elf Wizard)              Turns: 1791, Time: 00:14:11

Health: -6/24      AC:  2    Str:  4    XL:     4   Next: 16%
Magic:  14/14      EV: 13    Int: 24    God:
Gold:   78         SH:  0    Dex: 13    Spells: 2/15 levels left

rFire    . . .     SeeInvis .   p - +2 dagger (venom)
rCold    . . .     Gourm    .   (no shield)
rNeg     . . .     Faith    .   a - +0 robe
rPois    .         Spirit   .   b - +0 hat
rElec    .         Reflect  .   (no cloak)
rCorr    .         Harm     .   (no gloves)
MR       .....                  (no boots)
Stlth    ++........             (no amulet)
HPRegen  0.08/turn              (no ring)
MPRegen  0.14/turn              (no ring)

@: no status effects
A: no striking features
a: no special abilities


You were on level 2 of the Dungeon.
You were not hungry.

You visited 1 branch of the dungeon, and saw 2 of its levels.

You collected 78 gold pieces.

Inventory:

Hand Weapons
 p - a +2 dagger of venom (weapon)
Missiles
 h - 12 poisoned needles
 j - 44 stones (quivered)
Armour
 a - a +0 robe (worn)
 b - a +0 hat (worn)
Jewellery
 i - an uncursed ring of ice {unknown}
 l - an uncursed ring of flight {unknown}
Scrolls
 e - 3 scrolls of remove curse {unknown}
 f - a scroll of teleportation {unknown}
 g - 4 scrolls of identify {unknown}
Potions
 k - 2 potions of curing {unknown}
Books
 c - a book of Minor Magic

   Spells                             Type                      Level
   a - Magic Dart                     Conjuration                  1
   b - Blink                          Translocation                2
   c - Call Imp                       Summoning                    2
   d - Slow                           Hexes                        2
   e - Conjure Flame                  Conjuration/Fire             3
   f - Mephitic Cloud                 Conjuration/Poison/Air       3
Comestibles
 d - 4 rations
 m - 2 chunks of flesh


   Skills:
 + Level 3.0 Dodging
 + Level 2.5 Stealth
 + Level 6.1 Spellcasting
 + Level 2.1 Conjurations
 + Level 1.1 Summonings
 + Level 1.1 Translocations


You had 2 spell levels left.
You knew the following spells:

 Your Spells              Type           Power        Failure   Level  Hunger
a - Magic Dart            Conj           ###.         3%          1    None
b - Blink                 Tloc           N/A          8%          2    None
c - Call Imp              Summ           ##......     8%          2    None
d - Slow                  Hex            #.......     12%         2    None
e - Conjure Flame         Conj/Fire      ##......     16%         3    #......
f - Mephitic Cloud        Conj/Pois/Air  ##......     17%         3    #......


Dungeon Overview and Level Annotations

Branches:
Dungeon (2/15)

Altars:
Qazlal
Ru

Annotations:
D:2 Sigmund


Message History

Something hits you!
* * * LOW HITPOINT WARNING * * *
Unknown command.
Your crimson imp disappears in a puff of smoke!
Your crimson imp appears confused.
Things that are here:
22 sling bullets; a dagger Something closely misses your crimson imp.
You are feeling hungry.
Eat one of 3 chunks of flesh? (ye/n/q)
You eat one of the 3 chunks of flesh.
This raw flesh tastes terrible.
You are confused.
You feel less confused.
Sigmund appears from thin air!
Reactivating autopickup.
Sigmund is suddenly surrounded by pale blue light.
Sigmund gestures at you while chanting. The puff of flame hits you!
Ouch! That really hurt!
You die...

... ##..###..######.
....$##########...###.##...#.#
>.............#...##...###..#.
.....########.#..##.....##.#.#
#.... #.......#.......#.##.
.... #.##.#......_.....###
...! #.##.#.##.......#....
##.# #.##....##.....##..##
##.# #.##@#..###...##...##
##.#
#######.##......##.###.....
##.##
#.....#.......##.#.###....#
....#
#.....##.@.##.##...........
....#
#..........##..............
###.#
#.............##...........
.##.#
#......##........#####.....
.##.# ######.##..#.#.#.#
#...## .##.# #.##...>..#.#
#...#


You could see Sigmund.

Vanquished Creatures
  2 adders (D:2)
  A worm (D:2)
  3 dart slugs
  3 ball pythons
  4 giant cockroaches
  3 goblins
  4 hobgoblins
  5 jackals (D:1)
  A quokka (D:2)
  7 bats
  6 frilled lizards
  3 kobolds (D:1)
  8 rats
50 creatures vanquished.

Vanquished Creatures (collateral kills)
  A hobgoblin (D:2)
1 creature vanquished.

Grand Total: 51 creatures vanquished

Notes
Turn   | Place    | Note
-------+----------+-------------------------------------------
     0 | D:1      | Supreme the Deep Elf Wizard began the quest for the Orb.
     0 | D:1      | Reached XP level 1. HP: 10/10 MP: 7/7
   118 | D:1      | Reached skill level 5 in Spellcasting
   118 | D:1      | Reached XP level 2. HP: 15/15 MP: 1/10
   122 | D:1      | Learned a level 2 spell: Blink
   125 | D:1      | Learned a level 2 spell: Call Imp
   128 | D:1      | Learned a level 2 spell: Slow
   537 | D:1      | Reached XP level 3. HP: 8/19 MP: 0/12
  1147 | D:2      | Found a sacrificial altar of Ru.
  1149 | D:2      | Found a stormy altar of Qazlal.
  1206 | D:2      | Noticed Sigmund
  1223 | D:2      | Reached skill level 6 in Spellcasting
  1342 | D:2      | Learned a level 3 spell: Conjure Flame
  1346 | D:2      | Learned a level 3 spell: Mephitic Cloud
  1352 | D:2      | Reached XP level 4. HP: 24/24 MP: 5/14
  1791 | D:2      | Killed from afar by Sigmund

Skill      XL: |  1  2  3 |
---------------+----------+-----
Spellcasting   | 5 6 |  6.1
Dodging        | 3 |  3.0
Conjurations   | 2 |  2.1
Stealth        | |  2.5
Summonings     | |  1.1
Translocations | |  1.1

Action                   |  1- 3 |  4- 6 || total
-------------------------+-------+-------++-------
Melee: Dagger            |    16 |       ||    16
 Cast: Magic Dart        |   111 |     6 ||   117
       Conjure Flame     |     1 |       ||     1
       Call Imp          |       |     3 ||     3
  Eat: Chunk             |     1 |     2 ||     3
Armor: Robe              |     4 |       ||     4
Dodge: Dodged            |    20 |       ||    20
